Map: Persephone LE

Players

Harstem - Winner!

  • Race: Protoss Protoss
  • League: Grandmaster
  • Spawn Location: 7:00

Kelazhur

  • Race: Terran Terran
  • League: Master
  • Spawn Location: 11:00

Event: HomeStory Cup XXVII

VOD

Have the link to the VOD?

Description

Time

  • Played on: June 28, 2025, 11:35 a.m.
  • Length: 13:01

All games in this series

Show
View Real Time Build Order
Export as new Build Order

Harstem Protoss - Winner!

Build Orders: 1 Gate Expand, Phoenix Opening, Zealot Archon 

Get SALT Encoding   

  12  0:00  Probe  
  13  0:12  Probe  
  14  0:16  Pylon  
  14  0:24  Probe  
  15  0:32  Probe  
  15  0:36  Gateway  
  15  0:40  Probe  
  16  0:46  Assimilator  
  17  0:51  Probe  
  18  1:03  Probe  
  19  1:17  Nexus  
  19  1:27  Cybernetics Core  
  19  1:30  Probe  
  20  1:35  Assimilator  
  20  1:42  Probe  
  20  1:44  Pylon  
  21  1:51  Stalker  
  21  1:54  Probe  
  22  2:02  Probe  
  22  2:05  Warp Gate  
  25  2:11  Probe  
  26  2:20  Probe  
  26  2:21  Sentry  
  27  2:25  Phoenix  
  27  2:29  Probe  
  29  2:32  Probe  
  30  2:41  Shield Battery  
  30  2:42  Probe  
  31  2:44  Probe  
  31  2:47  Twilight Council  
  31  2:49  Stalker  
  32  2:54  Probe  
  32  2:56  Probe  
  36  3:04  Gateway  
  36  3:05  Probe  
  36  3:08  Probe  
  38  3:13  Probe  
  39  3:21  Probe  
  39  3:22  Probe  
  39  3:24  Phoenix  
  41  3:27  Charge  
  41  3:29  Pylon  
  41  3:32  Probe  
  41  3:33  Probe  
  42  3:44  Probe  
  42  3:45  Probe  
  42  3:46  Nexus  
  44  3:55  Assimilator  
  44  3:56  Probe  
  44  3:58  Probe, Stalker  
  44  4:01  Stalker  
  50  4:07  Pylon  
  50  4:13  Probe x2  
  52  4:17  Assimilator  
  52  4:23  Gateway  
  52  4:25  Probe, Stalker  
  52  4:27  Probe  
  52  4:30  Stalker  
  58  4:33  Pylon  
  58  4:37  Probe  
  59  4:39  Probe, Templar Archives  
  59  4:43  Pylon  
  60  4:50  Probe  
  60  4:51  Probe  
  62  4:53  Zealot  
  62  4:54  Gateway  
  62  4:59  Zealot  
  64  5:03  Gateway  
  64  5:05  Probe  
  65  5:07  Pylon  
  65  5:09  Probe  
  65  5:14  Zealot  
  68  5:15  Phoenix  
  68  5:18  Probe  
  68  5:19  Gateway  
  68  5:20  Zealot  
  71  5:22  Psionic Storm, Probe  
  71  5:27  Cybernetics Core  
  71  5:28  Probe  
  73  5:30  Probe  
  73  5:33  Probe  
  73  5:34  Zealot  
  77  5:37  Probe  
  77  5:41  Probe  
  78  5:42  Probe  
  78  5:44  High Templar  
  78  5:45  Probe  
  78  5:49  Probe  
  83  5:50  Gateway  
  83  5:52  Pylon  
  84  5:58  Probe  
  84  6:01  High Templar  
  84  6:02  High Templar  
  89  6:04  Pylon  
  89  6:05  Blink  
  89  6:09  Forge  
  89  6:10  Probe  
  90  6:12  Robotics Facility  
  90  6:14  Zealot x2  
  94  6:21  High Templar  
  94  6:23  Protoss Ground Weapons Level 1, Shield Battery  
  96  6:29  Nexus  
  96  6:37  Zealot x4  
  96  6:39  Pylon  
  104  6:43  Probe  
  105  6:47  Forge  
  105  6:56  Stalker  
  105  6:58  Pylon  
  105  6:59  Gateway  
  105  7:00  Zealot x2  
  109  7:01  Gateway  
  109  7:03  High Templar x2  
  109  7:05  Zealot  
  109  7:08  Warp Prism  
  115  7:09  Pylon, Archon  
  113  7:16  Protoss Ground Armor Level 1, Probe  
  116  7:23  Probe  
  116  7:27  Zealot x4  
  116  7:28  Probe  
  127  7:35  Probe  
  127  7:37  Robotics Bay  
  127  7:38  Pylon  
  127  7:39  Probe  
  127  7:40  Probe  
  127  7:41  Shield Battery  
  127  7:42  Pylon  
  129  7:48  Pylon  
  129  7:49  High Templar  
  129  7:50  Observer, High Templar, Zealot x2  
  137  7:54  Probe  
  137  7:57  Pylon, Archon, Zealot  
  137  7:58  Zealot  
  143  7:59  Probe x2  
  143  8:01  Probe  
  146  8:05  Zealot  
  146  8:06  Zealot  
  151  8:13  Robotics Facility  
  151  8:14  Assimilator  
  151  8:17  Nexus  
  148  8:27  Stalker x4  
  148  8:29  Zealot  
  144  8:44  Zealot x3  
  128  8:57  Zealot x5  
  128  8:58  Colossus  
  143  9:03  Colossus, Probe  
  150  9:10  Zealot x2  
  150  9:11  Zealot  
  150  9:15  Extended Thermal Lance  
  156  9:21  Protoss Ground Armor Level 2, Zealot x5  
  156  9:23  Probe  
  165  9:37  Zealot x3  
  165  9:38  Probe  
  172  9:39  Pylon  
  172  9:44  Gateway  
  172  9:48  Gateway, Zealot x4  
  172  9:49  Zealot  
  178  10:04  High Templar  
  178  10:05  Stalker x2  
  160  10:12  Probe  
  160  10:14  Stalker x4  
  158  10:17  Pylon, Probe  
  158  10:19  Probe  
  165  10:22  Probe x2  
  165  10:24  Probe  
  165  10:25  Assimilator  
  165  10:28  Colossus  
  168  10:29  Protoss Ground Weapons Level 2  
  168  10:35  Photon Cannon  
  174  10:37  Photon Cannon, Zealot x4  
  174  10:38  Zealot x2  
  182  10:51  Zealot x4  
  188  10:58  Zealot  
  188  10:59  Zealot x5  
  188  11:00  Colossus  
  192  11:06  Archon  
  192  11:07  Archon  
  180  11:13  Stalker x3  
  180  11:14  Stalker  
  168  11:25  Probe  
  168  11:28  Photon Cannon  
  168  11:29  High Templar, Zealot  
  173  11:35  Probe  
  173  11:36  High Templar  
  173  11:38  Zealot x5  
  173  11:39  Nexus  
  184  11:50  Disruptor  
  182  12:10  Zealot x5  
  182  12:11  Zealot x4  
  196  12:30  Probe  
  196  12:31  Pylon  
  196  12:36  Zealot x4  
  191  12:46  Zealot x5  
  173  12:57  Zealot  
Show
View Real Time Build Order
Export as new Build Order

Kelazhur Terran 

Build Orders: Reaper Expand 

Get SALT Encoding   

  12  0:00  SCV  
  13  0:12  SCV  
  14  0:17  Supply Depot  
  14  0:24  SCV  
  15  0:38  SCV  
  15  0:40  Barracks  
  15  0:42  Refinery  
  16  0:50  SCV  
  17  1:03  SCV  
  18  1:15  SCV  
  19  1:27  Orbital Command, Reaper  
  20  1:38  Command Center  
  20  1:47  Supply Depot  
  20  1:53  SCV  
  21  1:58  Marine  
  22  2:03  Factory  
  22  2:05  SCV  
  23  2:13  Bunker  
  23  2:17  SCV  
  23  2:21  Barracks Reactor  
  24  2:24  Refinery  
  24  2:29  SCV  
  25  2:42  SCV  
  26  2:47  Hellion  
  26  2:50  Orbital Command  
  28  2:53  Starport  
  28  2:54  SCV  
  29  3:03  Marine x2  
  31  3:06  SCV  
  31  3:09  Widow Mine  
  34  3:15  Supply Depot  
  34  3:16  SCV  
  34  3:18  SCV  
  36  3:22  Marine x2  
  38  3:28  SCV  
  38  3:30  SCV  
  39  3:36  Factory Tech Lab, Medivac  
  39  3:40  Marine x2  
  39  3:41  SCV  
  44  3:42  Supply Depot  
  44  3:48  SCV  
  43  3:52  Barracks  
  43  3:53  SCV  
  43  3:55  Siege Tank  
  47  3:58  Marine  
  47  3:59  Marine  
  47  4:00  SCV  
  50  4:07  Starport Tech Lab  
  50  4:10  SCV  
  50  4:12  SCV  
  50  4:16  Marine  
  53  4:17  Marine  
  53  4:21  Barracks  
  53  4:22  Supply Depot, SCV  
  55  4:27  Siege Tank  
  55  4:30  SCV  
  59  4:35  Marine, SCV  
  59  4:38  Refinery  
  61  4:42  SCV  
  61  4:44  Supply Depot  
  62  4:46  Marine  
  62  4:47  SCV  
  64  4:54  SCV  
  64  4:59  SCV  
  64  5:02  Marine x2  
  64  5:03  Stimpack  
  64  5:06  SCV  
  70  5:09  Refinery, Starport Reactor  
  70  5:11  SCV  
  68  5:15  Marine  
  68  5:16  Factory Reactor  
  68  5:17  Marine, Combat Shield  
  68  5:21  Marauder, SCV  
  73  5:24  Marine  
  73  5:28  Command Center, SCV  
  74  5:29  Supply Depot  
  74  5:33  SCV  
  74  5:35  Marauder, Marine  
  78  5:39  Engineering Bay  
  78  5:40  SCV  
  78  5:42  Marauder  
  80  5:46  Supply Depot  
  80  5:47  Marine, Medivac  
  80  5:48  Medivac  
  85  5:54  Widow Mine x2  
  85  5:56  Marine  
  90  5:57  Marauder  
  90  6:00  SCV  
  93  6:05  Marine  
  93  6:08  Marauder  
  93  6:11  Terran Infantry Weapons Level 1  
  96  6:13  Supply Depot  
  96  6:14  Supply Depot  
  96  6:15  Marine  
  96  6:17  Widow Mine  
  99  6:19  Widow Mine  
  101  6:31  SCV  
  101  6:32  Supply Depot  
  102  6:35  Marauder x2, SCV, Medivac  
  109  6:44  Marine x2  
  111  6:50  Barracks  
  111  6:52  Barracks  
  111  6:56  Marauder  
  111  7:00  SCV  
  114  7:02  Widow Mine  
  114  7:03  Widow Mine  
  114  7:04  SCV  
  114  7:07  Marauder, Marine  
  114  7:08  Armory  
  122  7:09  Concussive Shells  
  122  7:14  Orbital Command  
  122  7:15  SCV  
  121  7:19  SCV  
  121  7:21  Marauder, Marine  
  125  7:26  Viking  
  127  7:30  Viking  
  127  7:33  SCV x2  
  131  7:40  Barracks Tech Lab, Barracks Reactor  
  131  7:43  Widow Mine x2  
  131  7:44  Marauder  
  137  7:46  SCV  
  137  7:47  SCV x2  
  137  7:50  Supply Depot  
  140  7:52  Supply Depot  
  140  7:55  Ghost Academy  
  140  7:58  SCV  
  141  8:02  Refinery  
  141  8:03  Refinery  
  141  8:06  Bunker  
  141  8:11  Marine x2  
  141  8:12  Marauder, SCV x3  
  148  8:14  Marauder  
  148  8:19  Marauder, Marine x2  
  154  8:24  SCV  
  155  8:28  Viking  
  157  8:35  Viking, Marine  
  157  8:40  Terran Infantry Weapons Level 2  
  155  8:46  Ghost x3  
  155  8:47  Marine  
  155  8:48  Marine x2  
  157  8:53  Marine  
  155  8:58  SCV x3, Medivac  
  152  9:03  Widow Mine x2  
  152  9:04  Marine  
  152  9:09  Medivac  
  157  9:11  Marine  
  157  9:12  Marine  
  157  9:17  Supply Depot  
  157  9:19  Marauder x2  
  157  9:20  SCV x2  
  155  9:24  Marine x2  
  155  9:26  Supply Depot  
  155  9:27  Supply Depot  
  157  9:32  Supply Depot  
  157  9:36  Supply Depot  
  157  9:37  Supply Depot  
  157  9:38  Ghost  
  157  9:39  Marine, SCV x2  
  163  9:47  Ghost  
  166  9:59  Ghost  
  168  10:05  Marine x2  
  161  10:07  Ghost  
  161  10:10  Medivac x2  
  164  10:16  Ghost  
  164  10:18  Marine x2  
  164  10:20  Bunker  
  169  10:23  Widow Mine x2  
  169  10:26  Marine  
  169  10:27  Ghost  
  177  10:30  Command Center  
  177  10:33  Sensor Tower, Marine  
  178  10:36  Marauder, Marine  
  181  10:44  Widow Mine x2  
  181  10:45  Marauder  
  185  10:57  Marauder  
  185  11:02  Marine  
  185  11:03  Marauder  
  172  11:07  Marauder  
  172  11:08  Marine  
  172  11:09  Marine  
  172  11:10  Widow Mine x2  
  160  11:18  Marauder  
  160  11:22  Viking x2  
  141  11:27  Marauder, Marine x4  
  141  11:28  Marauder  
  149  11:32  Refinery  
  149  11:40  Marauder  
  149  11:44  Marine, SCV x2  
  149  11:45  SCV  
  155  11:50  Marauder x2, Marine x3  
  155  11:51  Starport  
  155  11:52  Barracks x3  
  155  11:53  Factory Reactor  
  161  12:01  Ghost  
  151  12:07  SCV  
  152  12:11  Ghost  
  152  12:13  Ghost  
  152  12:14  Marine x2  
  132  12:24  Marine x2  
  126  12:30  Marauder  
  126  12:32  Marine x2  
  135  12:41  Marine  
  135  12:42  Marine  
Tags
 
Add a new tag
Caveats
  • Supply blocks, unpowered buildings, or Contaminate may cause inaccurate times.
  • Supply counts are checked every 10 seconds.